cohdb
Replays
Latest Replays
All Replays
Popular Replays
Top Player Replays
Match Explorer
How It Works
Community
CoH3 Stats
Reddit
Sign in to upload your games and track your stats! →
Sign in with Steam
Match 45292415
Unlisted
Match 45292415
Overview
Messages
Build Orders
End
Construct Barracks
Riflemen Squad
Riflemen Squad
Riflemen Squad
Riflemen Squad
Infantry Support Center
M1918 Browning Automatic Rifles
Riflemen Squad
Grenade Package
Riflemen Squad
Advanced Logistics
Selects Armored Battlegroup
Selects Veteran Crews
Selects M31 Recovery Vehicle
Munitions Surplus
Selects War Machine
Selects Fast Deploy
Construct Weapon Support Center
Bazooka Squad
Bazooka Squad
Selects Seek and Destroy
Improved M9 Bazooka Rockets
ConcernedApe
Quack
United
Crashing this Game
0
0
Comments
sign in to comment!
No comments posted yet!